 Dungeon Crawl Stone Soup version 0.32-a0-913-g739538a (webtiles) character file.

Game seed: 18243468635614415027

672 Dorkslayer the Chopper (level 7, -6/60 HPs)
             Began as a Mountain Dwarf Fighter on Apr 8, 2024.
             Killed from afar by Dowan (11 damage)
             ... with a puff of flame
             ... on level 5 of the Dungeon.
             The game lasted 00:08:41 (4760 turns).

Dorkslayer the Chopper (Mountain Dwarf Fighter)     Turns: 4760, Time: 00:08:41

Health: -6/60      AC: 13    Str: 21    XL:     7   Next: 32%
Magic:  7/7        EV:  5    Int:  8    God:
Gold:   304        SH:  4    Dex:  9    Spells: 6/6 levels left

rFire   . . .        s - +2 hand axe (venom)
rCold   . . .        c - +0 buckler
rNeg    . . .        d - +0 plate armour
rPois   .            b - +0 helmet
rElec   .            (no cloak)
rCorr   .            (no gloves)
SInv    +            (no boots)
Will    .....        m - amulet of the acrobat Stlth
                     h - ring of see invisible
HPRegen 0.30/turn    (no ring)
MPRegen 0.10/turn

%: acrobat
@: lethally poisoned (-6 -> -73)
A: runic magic, artefact enchanting
a: no special abilities


You were on level 5 of the Dungeon.
You visited 1 branch of the dungeon, and saw 5 of its levels.

You collected 304 gold pieces.

Inventory:

Hand Weapons
 a - a +0 heavy war axe
 s - a +2 hand axe of venom (weapon)
Missiles
 f - 2 throwing nets (quivered)
 j - 5 javelins
 v - 3 boomerangs
Armour
 b - a +0 helmet (worn)
 c - a +0 buckler (worn)
 d - a +0 plate armour (worn)
Jewellery
 h - a ring of see invisible (left hand)
 m - an amulet of the acrobat (around neck)
Wands
 l - a wand of polymorph (13)
 p - a wand of roots (12)
 r - a wand of light (15)
Scrolls
 k - 2 scrolls of teleportation
 n - a scroll of fear
 u - a scroll of immolation
Potions
 e - a potion of lignification
 g - a potion of mutation
 i - a potion of might
 o - a potion of heal wounds
 q - a potion of magic {unknown}
 t - a potion of haste {unknown}
 w - a potion of invisibility {unknown}


   Skills:
 + Level 4.4 Fighting
 + Level 5.9 Axes
 + Level 4.8 Armour
 * Level 2.1 Dodging
 + Level 4.2 Shields
 * Level 3.0 Evocations


You had 6 spell levels left.
You didn't know any spells.
Your spell library contained the following spells:

 Spells                   Type           Power      Damage    Failure   Level
 Call Canine Familiar     Summ           0%         N/A       98%         3
 Sigil of Binding         Hex            0%         N/A       98%         3
 Brom's Barrelling Bould  Conj/Erth      0%         2d3       100%        4
 Dimensional Bullseye     Hex/Tloc       0%         N/A       100%        4
 Fireball                 Conj/Fire      0%         3d3       100%        5
 Iskenderun's Battlesphe  Conj           0%         2d6       100%        5
 Conjure Ball Lightning   Conj/Air       0%         3x3d6     100%        6
 Orb of Destruction       Conj           0%         9d5       100%        7


Dungeon Overview and Level Annotations

Branches:
Dungeon (5/15)
 Temple: D:4-7

Altars:
Cheibriados
Nemelex Xobeh
Qazlal
Ru
Sif Muna

Annotations:
D:5 1 transporter, Dowan; Duvessa; mungil's ghost, weakling GnDe


Innate Abilities, Weirdness & Mutations

Your spellcasting is much less encumbered by armour.
You can use scrolls of enchantment on lesser artefacts.


Message History

Duvessa hits you with a +1 short sword of venom.
You are more poisoned.
The water moccasin bites you but does no damage.
Dowan mumbles some strange words.
Dowan blinks!
Unknown command.
You slash the water moccasin!
The water moccasin is moderately wounded.
You hit Duvessa but do no damage.
Duvessa looks as sick as possible!
* * * LOW HITPOINT WARNING * * *
You feel extremely sick. Duvessa hits you but does no damage.
The water moccasin bites you.
* * * LOW HITPOINT WARNING * * *
You are more poisoned.
The water moccasin poisons you!
Duvessa hits you with a +1 short sword of venom.
* * * LOW HITPOINT WARNING * * *
The water moccasin bites you but does no damage.
You feel much better.
You feel extremely sick.
Duvessa hits you with a +1 short sword of venom!
The water moccasin bites you but does no damage.
Dowan mumbles some strange words.
Dowan blinks!
You miss the water moccasin.
The water moccasin is moderately wounded.
You slash Duvessa!
Duvessa looks as sick as possible!
* * * LOW HITPOINT WARNING * * *
You feel extremely sick.
Duvessa hits you with a +1 short sword of venom!
* * * LOW HITPOINT WARNING * * *
You are more poisoned.
The water moccasin bites you.
* * * LOW HITPOINT WARNING * * *
You are more poisoned.
The water moccasin poisons you! Duvessa hits you but does no damage.
You are more poisoned.
Dowan points at you and mumbles some strange words.
The puff of flame hits you!
You die...

#[.....†##.##...#
#...........#....
#...........#####
#.......).......###
#.................
#..............§#
#...............#
#####...........#
#......e@...#
#......S....#
#..........e#
#..............
###########....#
....+ ...# ...#


You could see Duvessa (fast, extremely poisoned), a water moccasin and Dowan.

Vanquished Creatures
  Menkaure (D:4)
  A scorpion (D:4)
  A bombardier beetle (D:4)
  A howler monkey (D:4)
  An orc priest (D:3)
  A hound (D:3)
  A sleepcap (D:5)
  Ijyb (D:4)
  2 iguanas
  2 orc wizards
  Robin (D:3)
  6 adders
  A gnoll (D:1)
  2 ribbon worms
  3 dart slugs
  15 orcs
  8 ball pythons
  5 bats
  3 endoplasms
  3 giant cockroaches
  17 goblins
  12 hobgoblins
  6 quokkas
  4 frilled lizards
  3 kobolds
  5 rats
106 creatures vanquished.

Notes
Turn   | Place    | Note
-------+----------+-------------------------------------------
     0 | D:1      | Dorkslayer the Mountain Dwarf Fighter began the quest for
                  | the Orb.
     0 | D:1      | Reached XP level 1. HP: 19/19 MP: 1/1
   160 | D:1      | Reached XP level 2. HP: 26/26 MP: 2/2
   363 | D:1      | Reached XP level 3. HP: 33/33 MP: 3/3
   406 | D:1      | Reached skill level 3 in Axes
  1568 | D:2      | Reached XP level 4. HP: 40/40 MP: 4/4
  1682 | D:2      | Reached skill level 1 in Dodging
  2015 | D:3      | Found a snail-covered altar of Cheibriados.
  2039 | D:3      | Found a stormy altar of Qazlal.
  2039 | D:3      | Found a sacrificial altar of Ru.
  2118 | D:3      | Found a shimmering blue altar of Sif Muna.
  2184 | D:3      | Reached skill level 1 in Evocations
  2383 | D:3      | Reached skill level 4 in Axes
  2383 | D:3      | Reached XP level 5. HP: 45/46 MP: 5/5
  2617 | D:3      | Noticed Robin
  2629 | D:3      | Killed Robin
  3253 | D:4      | Reached XP level 6. HP: 18/52 MP: 6/6
  3614 | D:4      | Noticed Ijyb
  3623 | D:4      | Reached skill level 5 in Axes
  3641 | D:4      | Killed Ijyb
  4147 | D:4      | Found a sparkling altar of Nemelex Xobeh.
  4147 | D:4      | Noticed Menkaure
  4160 | D:4      | Killed Menkaure
  4161 | D:4      | Reached XP level 7. HP: 42/60 MP: 7/7
  4588 | D:5      | Entered Level 5 of the Dungeon
  4712 | D:5      | Found a transporter.
  4715 | D:5      | Noticed mungil's ghost (weakling GnDe)
  4748 | D:5      | Noticed Duvessa
  4748 | D:5      | Noticed Dowan
  4760 | D:5      | Killed from afar by Dowan

Illustrated notes

Levels and vault maps discovered:
D:1:      dpeg_arrival_circle_labyrinth_b, layout_loops_ring,
          grunt_decor_one_mirror
D:2:      layout_loops_corners, hangedman_decor_clover_reticule,
          guppyfry_early_orc_mine
D:3:      layout_basic, nicolae_sif_muna_condensation,
          mainiacjoe_overflow_divided_tiny, overflow_temple_1_default,
          serial_forest, infiniplex_forest_end_2, infiniplex_forest_clump_cross,
          infiniplex_forest_end_3, infiniplex_forest_side_room,
          infiniplex_forest_straight_4, minmay_misc_feat_cross,
          kennysheep_flooded_box, uniq_robin
D:4:      layout_basic, nemelex_altar_shiori, serial_forest,
          infiniplex_forest_corner_2, infiniplex_forest_clump_long,
          infiniplex_forest_lined_4_way, infiniplex_forest_corner_2,
          infiniplex_forest_clump_long, infiniplex_forest_clump_small,
          uniq_ijyb, uniq_menkaure
D:5:      layout_basic, nicolae_hepliaklqana_monster_ancestors,
          mainiacjoe_overflow_24_doors, gammafunk_ghost_stat_death, minivault_1,
          uniq_duvessa

Skill      XL: |  1  2  3  4  5  6  7 |
---------------+----------------------+-----
Axes           | 3 4 5 |  5.9
Dodging        | 1 2 |  2.1
Evocations     | 1 2 3 |  3.0
Fighting       | 4 |  4.4
Armour         | 4 |  4.8
Shields        | 4 |  4.2

Action                     |  1- 3 |  4- 6 |  7- 9 || total
---------------------------+-------+-------+-------++-------
  Melee: War axe           |   115 |   166 |       ||   281
         Hand axe          |       |    93 |    30 ||   123
    Use: Scroll            |       |    11 |       ||    11
         Potion            |       |     5 |     1 ||     6
 Armour: Scale mail        |   109 |    63 |       ||   172
         Plate armour      |       |   100 |    38 ||   138
  Dodge: Dodged            |    63 |    70 |    12 ||   145
  Block: Buckler           |    30 |    38 |     2 ||    70

Table legend: (Time is in decaauts)
 A = Elapsed time spent in this place.
 B = Non-inter-level travel time spent in this place.
 C = Inter-level travel time spent in this place.
 D = Time resting spent in this place.
 E = Time spent auto-exploring this place.
 F = Levels seen in this place.
 G = Mean time per level.
                   A        B        C        D        E       F      G
               +--------+--------+--------+--------+--------+-----+--------+
         Total |   4876 |   4876 |      0 |      0 |   2979 |   5 |  975.2 |
       Dungeon |   4876 |   4876 |      0 |      0 |   2979 |   5 |  975.2 |
               +--------+--------+--------+--------+--------+-----+--------+

Top non-repeatable levels by time:
     D:4: 1438 daAuts
     D:3: 1270 daAuts
     D:1: 1074 daAuts
     D:2: 921 daAuts
     D:5: 172 daAuts
